Map: Ulrena

Players

GENRYU - Winner!

  • Race: Zerg Zerg
  • League: Bronze

xXkazperXx

  • Race: Zerg Zerg
  • League: Bronze

VOD

Have the link to the VOD?

Description

Time

  • Played on: April 9, 2016, 7:37 p.m.
  • Length: 7:03
Show
View Real Time Build Order
Export as new Build Order

GENRYU Zerg - Winner!

Build Orders: Pool First 

Get SALT Encoding   

  12  0:05  Drone  
  13  0:11  Drone  
  14  0:28  Spawning Pool  
  14  0:32  Drone  
  14  0:46  Overlord  
  14  1:25  Zergling x6  
  17  1:31  Extractor  
  16  1:40  Queen  
  18  1:49  Zergling x4  
  20  2:02  Zergling x2  
  21  2:14  Drone  
  21  2:31  Hatchery  
  20  2:47  Zergling x4  
  21  2:59  Overlord  
  21  3:00  Overlord  
  18  3:18  Roach Warren  
  17  3:22  Zergling x2  
  17  3:23  Zergling x8  
  21  3:54  Zergling x10  
  21  3:55  Zergling x2  
  27  4:09  Queen  
  22  4:39  Roach x3  
  22  4:40  Roach x2  
  27  5:15  Lair  
  27  5:21  Extractor  
  26  5:26  Evolution Chamber  
  14  6:02  Roach x6  
  26  6:11  Roach x4  
  32  6:15  Zergling x2  
  32  6:16  Zergling x2  
  36  6:40  Drone x3  
  39  6:47  Drone  
Show
View Real Time Build Order
Export as new Build Order

xXkazperXx Zerg 

Build Orders: Pool Only 

Get SALT Encoding   

  12  0:01  Drone  
  13  0:09  Drone  
  14  0:24  Overlord  
  14  0:33  Extractor, Drone  
  14  0:54  Drone x3  
  17  1:00  Spawning Pool  
  16  1:05  Drone  
  17  1:22  Drone  
  18  1:34  Drone  
  19  1:46  Queen  
  21  1:47  Zergling x2  
  22  1:56  Roach Warren  
  21  2:04  Zergling x2  
  21  2:06  Overlord  
  20  2:41  Roach  
  20  2:42  Roach x2  
  12  3:07  Roach x2  
  12  3:08  Roach x2  
  12  3:11  Queen  
  20  3:31  Zergling x4  
  22  3:45  Drone  
  23  4:00  Drone  
  24  4:09  Roach  
  24  4:31  Lair  
  24  4:33  Roach x2  
  20  4:58  Roach x2  
  20  5:09  Drone  
  21  5:29  Drone x2  
  21  5:58  Roach x2  
  21  6:00  Drone  
  26  6:32  Zergling x6  
  29  6:36  Drone  
Tags
 
Matchup
ZvZ
Race
Zerg
Replay Pack
replays pack
Add a new tag
Caveats
  • Supply blocks, unpowered buildings, or Contaminate may cause inaccurate times.
  • Supply counts are checked every 10 seconds.